 Dungeon Crawl Stone Soup version 0.18.1-1-g2f07953 (webtiles) character file.

177 jyri the Grave Robber (level 5, -1/35 HPs)
             Began as a Mummy Necromancer on May 7, 2016.
             Was an Initiate of Sif Muna.
             Killed by divine providence
             ... invoked by an orc priest
              (17 damage)
             ... on level 3 of the Dungeon.
             The game lasted 00:22:32 (3891 turns).

jyri the Grave Robber (Mummy Necromancer)           Turns: 3891, Time: 00:22:33

Health: -1/35      AC:  2    Str: 11    XL:     5   Next: 30%
Magic:  2/9        EV: 12    Int: 18    God:    Sif Muna [......]
Gold:   146        SH:  3    Dex: 13    Spells: 3 memorised, 5 levels left

rFire  x . .     SeeInvis .     i - +0 dagger
rCold  + . .     Gourm    .     a - +0 robe
rNeg   + + +     Faith    .     (no shield)
rPois  ∞         Spirit   .     (no helmet)
rElec  .         Dismiss  .     (no cloak)
rCorr  .         Reflect  +     (no gloves)
SustAt .         Harm     .     (no boots)
MR     .....                    d - +3 amulet of reflection
Stlth  +.........               p - ring of loudness (curse)
                                o - +3 ring of intelligence

@: not resistant to hostile enchantments, very unstealthy
A: no food or potions, fire vulnerability, cold resistance 1, negative energy
resistance 3, torment resistance, unbreathing
a: Renounce Religion


You were on level 3 of the Dungeon.
You worshipped Sif Muna.
Sif Muna was noncommittal.
You were not hungry.

You visited 1 branch of the dungeon, and saw 4 of its levels.

You collected 146 gold pieces.

Inventory:

Hand Weapons
 i - a +0 dagger (weapon)
Missiles
 k - 15 poisoned needles
 l - 26 stones (quivered)
 m - 22 sling bullets
Armour
 a - a +0 robe (worn)
Jewellery
 d - a +3 amulet of reflection (around neck)
 o - a +3 ring of intelligence (left hand)
 p - a cursed ring of loudness (right hand)
Wands
 n - a wand of flame (22/48)
Scrolls
 c - 3 scrolls of remove curse
 e - a scroll of teleportation
 f - a scroll of identify
 g - a scroll of blinking
 h - a scroll of enchant weapon
Books
 b - a book of Necromancy

   Spells                             Type                      Level
   a - Pain                           Necromancy                   1
   b - Animate Skeleton               Necromancy                   1
   c - Vampiric Draining              Necromancy                   3
   d - Regeneration                   Charms/Necromancy            3
   e - Animate Dead                   Necromancy                   4
   f - Control Undead                 Necromancy                   4
 j - a book of Geomancy

   Spells                             Type                      Level
   a - Sandblast                      Earth                        1
   b - Passwall                       Transmutation/Earth          2
   c - Stone Arrow                    Conjuration/Earth            3
   d - Petrify                        Transmutation/Earth          4
   e - Lee's Rapid Deconstruction     Earth                        5


   Skills:
 - Level 1.5 Dodging
 - Level 1.5 Stealth
 + Level 3.2 Spellcasting
 * Level 6.0 Necromancy


You had 5 spell levels left.
You knew the following spells:

 Your Spells              Type           Power        Failure   Level  Hunger
a - Pain                  Necr           ###.         1%          1    N/A
b - Animate Skeleton      Necr           N/A          1%          1    N/A
c - Vampiric Draining     Necr           ###.......   4%          3    N/A

Dungeon Overview and Level Annotations

Branches:
Dungeon (4/15)
 Temple: D:4-7

Altars:
Elyvilon
Nemelex Xobeh
Pakellas
Sif Muna

Annotations:
D:1 1 runed door


Innate Abilities, Weirdness & Mutations

You do not eat or drink.
Your flesh is vulnerable to fire.
You are immune to poison.
Your flesh is cold resistant.
You are immune to negative energy.
You are immune to unholy pain and torment.
You can survive without breathing.


Message History

An orc and 2 orc priests come into view.
Found 27 stones.
There is a stone staircase leading up here.
Robin hits you but does no damage. The orc priest hits you with a dagger.
The orc hits you from afar with a trident.
You climb upwards.
The hobgoblin hits you but does no damage.
The hobgoblin hits you with a club.
There is a stone staircase leading down here.
Casting: Pain
Confirm with . or Enter, or press ? or * to list all spells.
Aiming: Pain
Press: ? - help, Shift-Dir - straight line, f - Robin
Aim: Robin, wielding a club, wearing an animal skin and wearing a helmet (severely wounded, chance to defeat MR: 88%) Robin convulses in agony!
You kill Robin!
The hobgoblin barely misses you.
The orc priest calls down the wrath of Beogh upon you.
Beogh smites you!
You die...

############### #.............#
#)###########.# ##########
#####@## #.# .........# #...ogg#
#.# ..#......###g##.g.# #.#
#.#..g..........#.###### #.#
.......................# #.#
####.....###......####.#####.####
# ##.#..# #......####.......)..#
..# #.#..# #............####.##.#
#.# #.#..# #......###...####.##.#


You could see an orc priest, 2 hobgoblins and 2 goblins.

Vanquished Creatures
  An iguana (D:3)
  Robin (D:3)
  2 adders (D:2)
  2 oozes (D:2)
  3 dart slugs
  3 giant geckos
  4 orcs (D:3)
  8 bats
  2 giant cockroaches
  10 goblins
  12 hobgoblins
  5 jackals (D:2)
  5 kobolds
  A giant newt (D:3)
  7 rats
66 creatures vanquished.

Vanquished Creatures (collateral kills)
  An orc priest (D:3)
  A dart slug (D:3)
  A giant gecko (D:2)
  A goblin (D:3)
  2 jackals (D:2)
6 creatures vanquished.

Grand Total: 72 creatures vanquished

Notes
Turn   | Place    | Note
--------------------------------------------------------------
     0 | D:1      | jyri the Mummy Necromancer began the quest for the Orb.
     0 | D:1      | Reached XP level 1. HP: 13/13 MP: 3/3
     2 | D:1      | Learned a level 1 spell: Animate Skeleton
     5 | D:1      | Found a runed door.
   513 | D:1      | Found a sparkling altar of Nemelex Xobeh.
   719 | D:1      | Reached XP level 2. HP: 19/19 MP: 0/5
  1724 | D:2      | Reached XP level 3. HP: 21/24 MP: 0/6
  2038 | D:2      | Reached skill level 5 in Necromancy
  2444 | D:2      | Learned a level 3 spell: Vampiric Draining
  2548 | D:2      | Reached XP level 4. HP: 23/30 MP: 1/7
  2915 | D:2      | Found an oddly glowing altar of Pakellas.
  2915 | D:2      | Found a deep blue altar of Sif Muna.
  2936 | D:2      | Became a worshipper of Sif Muna the Loreminder
  3195 | D:3      | Found a white marble altar of Elyvilon.
  3654 | D:3      | Reached XP level 5. HP: 35/35 MP: 3/9
  3842 | D:3      | Noticed Robin
  3846 | D:3      | Reached skill level 6 in Necromancy
  3891 | D:3      | Killed Robin
  3891 | D:3      | Killed from afar by an orc priest

Skill      XL: |  1  2  3  4  5 |
---------------+----------------+-----
Necromancy     | 5 6 |  6.0
Spellcasting   | 3 |  3.2
Dodging        | |  1.5
Stealth        | |  1.5

Action                   |  1- 3 |  4- 6 || total
-------------------------+-------+-------++-------
Melee: Unarmed           |     3 |       ||     3
       Dagger            |    10 |     3 ||    13
 Cast: Pain              |    72 |    60 ||   132
       Animate Skeleton  |     6 |    10 ||    16
  Use: Scroll            |       |     4 ||     4
 Stab: Sleeping          |     2 |       ||     2
Armor: Robe              |     6 |     2 ||     8
Dodge: Dodged            |    31 |    12 ||    43
Block: Other             |     3 |     1 ||     4
